 Dungeon Crawl Stone Soup version 0.16.2-12-gd0ad4c3 (webtiles) character file.

138 dvd the Insei (level 5, 0/37 HPs)
             Began as an Octopode Monk on Oct 26, 2015.
             Slain by a gnoll
             ... wielding a +0 spear
              (10 damage)
             ... on level 3 of the Dungeon.
             The game lasted 00:09:58 (3237 turns).

dvd the Insei (Octopode Monk)                       Turns: 3237, Time: 00:09:59

Health: 0/37       AC:  1    Str: 10    XL:     5   Next: 21%
Magic:  5/5        EV:  9    Int: 12    God:
Gold:   169        SH: 10    Dex: 16    Spells: 0 memorised, 4 levels left

rFire  + . .     SeeInvis .       - Unarmed
rCold  x . .     Clarity  .     g - +0 large shield
rNeg   . . .     SustAb   .     (helmet restricted)
rPois  .         Gourm    .     (no amulet)
rElec  .         Spirit   .     r - ring of wizardry
rCorr  .         Warding  .     y - ring of fire
rMut   .         Stasis   .     (no ring)
MR     .....                    (no ring)
Stlth  ++++......               (no ring)
                                (no ring)
                                (no ring)
                                (no ring)

@: not resistant to hostile enchantments, stealthy
A: almost no armour, amphibious, 8 rings, constrict 8, camouflage 1, gelatinous
body 1
a: no special abilities


You were on level 3 of the Dungeon.
You were not hungry.

You visited 1 branch of the dungeon, and saw 3 of its levels.

You collected 169 gold pieces.

Inventory:

Hand weapons
 x - a +0 hunting sling
Armour
 g - a +0 large shield (worn)
Jewellery
 r - a ring of wizardry (left tentacle)
 y - a ring of fire (right tentacle)
Scrolls
 a - 3 scrolls of amnesia {unknown}
 d - 2 scrolls of fear {unknown}
 f - 3 scrolls of teleportation {unknown}
 i - a scroll of fog {unknown}
 m - 3 scrolls of identify {unknown}
 n - a scroll of enchant weapon {unknown}
 o - a scroll of magic mapping {unknown}
 s - 2 scrolls of enchant armour {unknown}
 u - a scroll of recharging {unknown}
 w - a scroll of noise {unknown}
Potions
 e - a potion of haste
 h - a potion of invisibility
 j - a potion of resistance {unknown}
 l - a potion of magic {unknown}
 p - a potion of beneficial mutation {unknown}
 q - a potion of agility {unknown}
 t - a potion of poison {unknown}
 v - a potion of degeneration {unknown}
 z - 2 potions of curing
Comestibles
 b - 5 bread rations
 k - 5 fruits


   Skills:
 + Level 4.0 Fighting
 + Level 3.6 Dodging
 + Level 3.5 Stealth
 + Level 0.4 Shields
 + Level 5.0 Unarmed Combat


You had 4 spell levels left.
You didn't know any spells.

Dungeon Overview and Level Annotations

Branches:
Dungeon (3/15)

Altars:


Innate Abilities, Weirdness & Mutations

You cannot wear most types of armour.
You are amphibious.
You can wear up to eight rings at the same time.
You can use your tentacles to constrict many enemies at once.
Your skin changes colour to match your surroundings (Stealth).
Your rubbery body absorbs attacks (AC +1).


Message History

The gnoll shouts!
You grab the gnoll.
You constrict the gnoll, but do no damage.
The gnoll hits you. The gnoll barely misses you.
You tentacle-slap the gnoll but do no damage.
You constrict the gnoll. The gnoll closely misses you. The gnoll hits you.
You bludgeon the gnoll! You tentacle-slap the gnoll.
You kill the gnoll!
Your Unarmed Combat skill increases to level 5!
The gnoll hits you from afar with a spear.
Unknown command.
The gnoll hits you from afar with a halberd!
* * * LOW HITPOINT WARNING * * *
You block the gnoll's attack.
You see here a gnoll corpse.
You tentacle-slap the gnoll. You grab the gnoll.
The gnoll is moderately wounded.
You constrict the gnoll, but do no damage.
You block the gnoll's attack. The gnoll hits you with a spear!
You die...

#.#'#'#.#.## #.#
#.#.#.#....# #.#
#.#.#.#.#..# #.#
#.#.#...#..#.
#.#
..#.#...#..#.#
#.#
###.#...#..#.#
#.# #.#...#..#.#
#g# #.#.#.#..#.#
#g# #.#.#.#..#.#
#@# #.#.#.#.<#.#
#.# #.#...#.##.#
#.#
#.#####....###.#
#..............#
################


You could see 2 gnolls.

Vanquished Creatures
  7 adders
  A gnoll (D:3)
  2 worms (D:2)
  A giant gecko (D:1)
  2 oozes
  4 giant cockroaches
  8 hobgoblins
  A ball python (D:2)
  10 bats
  A giant newt (D:1)
  6 goblins
  6 kobolds
  6 rats
55 creatures vanquished.

Notes
Turn   | Place    | Note
--------------------------------------------------------------
     0 | D:1      | dvd, the Octopode Monk, began the quest for the Orb.
     0 | D:1      | Reached XP level 1. HP: 16/16 MP: 1/1
   302 | D:1      | Reached XP level 2. HP: 17/21 MP: 2/2
  1020 | D:2      | Reached XP level 3. HP: 13/26 MP: 3/3
  1830 | D:2      | HP: 1/26 [poisoned by an adder]
  1841 | D:2      | Reached XP level 4. HP: 9/32 MP: 4/4
  2692 | D:3      | Reached XP level 5. HP: 31/37 MP: 5/5
  3235 | D:3      | Reached skill level 5 in Unarmed Combat
  3237 | D:3      | Slain by a gnoll

Action                   |  1- 3 |  4- 6 || total
-------------------------+-------+-------++-------
Melee: Unarmed           |    76 |    52 ||   128
  Use: Potion            |     3 |       ||     3
 Stab: Sleeping          |     2 |     7 ||     9
       Invisible         |     1 |       ||     1
  Eat: Chunk             |     3 |     5 ||     8
